Map: Slaying Fields

Players

TimeTwist

  • Race: Terran Terran
  • Spawn Location: 3:00

Myran - Winner!

  • Race: Protoss Protoss
  • Spawn Location: 12:00

dallaskuken

  • Race: Protoss Protoss
  • League: Platinum
  • Spawn Location: 6:00

FrogMint

  • Race: Zerg Zerg
  • Spawn Location: 5:00

Loken - Winner!

  • Race: Zerg Zerg
  • League: Platinum
  • Spawn Location: 9:00

Scaramanga - Winner!

  • Race: Terran Terran
  • Spawn Location: 11:00

VOD

Have the link to the VOD?

Description

Time

  • Played on: March 16, 2017, 7:11 p.m.
  • Length: 20:44
Show
View Real Time Build Order
Export as new Build Order

TimeTwist Terran 

Build Orders: MMM Bio 

Get SALT Encoding   

  12  0:01  SCV  
  13  0:16  Supply Depot  
  13  0:17  SCV  
  14  0:29  SCV  
  15  0:40  Barracks  
  15  0:41  SCV  
  16  0:53  SCV  
  16  0:54  Refinery  
  17  1:06  SCV  
  18  1:18  SCV  
  19  1:30  SCV  
  20  1:37  Barracks, Barracks Tech Lab  
  20  1:42  Orbital Command  
  20  1:44  Supply Depot  
  20  2:10  Reaper  
  21  2:19  SCV  
  22  2:24  Command Center  
  22  2:25  Marine  
  23  2:34  SCV  
  24  2:42  Reaper  
  24  2:43  Reaper  
  26  2:46  SCV  
  26  2:49  Refinery  
  27  2:54  Supply Depot  
  27  2:58  SCV  
  27  3:00  Barracks  
  28  3:11  SCV  
  29  3:15  Marine  
  29  3:19  Marauder  
  32  3:23  SCV, Supply Depot  
  33  3:31  Barracks  
  33  3:32  Factory  
  32  4:02  SCV  
  33  4:03  Marauder, Marine x2  
  37  4:14  SCV  
  36  4:21  Marine x2  
  36  4:22  Engineering Bay  
  37  4:26  SCV  
  37  4:28  Factory Reactor  
  38  4:33  Starport  
  38  4:38  Orbital Command  
  38  4:43  Bunker  
  38  4:49  Marine x2  
  40  4:53  SCV  
  41  5:20  SCV  
  42  5:29  Marauder, Marine x2  
  42  5:32  SCV  
  42  5:34  Barracks Tech Lab  
  47  5:37  Barracks  
  47  5:40  SCV  
  46  5:43  Barracks  
  46  5:44  SCV  
  46  5:47  Marine  
  48  5:51  Missile Turret  
  48  5:52  SCV  
  50  6:04  SCV x2  
  50  6:08  Missile Turret  
  51  6:16  SCV x2  
  51  6:18  Marauder x2, Marine x2  
  59  6:27  Factory Tech Lab  
  59  6:28  SCV x2  
  61  6:36  Marine  
  62  6:45  Combat Shields  
  62  6:47  Stimpack  
  62  6:55  Supply Depot  
  62  7:01  Supply Depot  
  62  7:02  Supply Depot  
  62  7:04  Marine x2  
  62  7:05  Marauder x2, SCV x2  
  70  7:17  SCV x2, Medivac x2  
  70  7:22  Marine, Siege Tank  
  79  7:26  Starport, Marine  
  79  7:28  Marauder, Marine  
  79  7:29  Marine  
  84  7:30  Marine  
  86  7:40  Marine  
  86  7:44  Refinery, Marine  
  87  7:45  Command Center  
  87  7:46  Refinery, Marine  
  87  7:47  Medivac x2, Terran Infantry Weapons Level 1  
  93  7:52  Engineering Bay  
  93  8:05  Supply Depot  
  93  8:07  Supply Depot  
  93  8:09  Supply Depot  
  93  8:15  Marine  
  94  8:26  Marauder x2, Marine, Siege Tank  
  102  8:29  Starport Reactor  
  102  8:41  SCV x2  
  104  8:53  SCV  
  104  8:54  SCV  
  105  8:58  Missile Turret, Siege Tank  
  105  8:59  Marauder x2, Marine x3  
  105  9:00  Marine  
  108  9:13  Missile Turret  
  108  9:17  Marine x2  
  93  9:33  Marauder x2, Marine x2  
  93  9:35  Marine x2  
  85  9:51  Marine x2  
  79  9:52  Marine  
  79  9:53  Marine  
  79  10:04  Command Center  
  79  10:09  Siege Tank  
  82  10:15  Starport  
  82  10:18  Starport  
  82  10:24  Concussive Shells  
  82  10:39  SCV  
  82  10:41  Siege Tank  
  82  10:42  Missile Turret  
  86  10:49  Marauder x2, Marine x4  
  94  10:51  SCV, Terran Infantry Armor Level 1  
  94  10:54  Armory  
  95  11:05  Medivac x3  
  95  11:06  Marine, Medivac  
  95  11:10  Marauder  
  95  11:11  Marauder, Marine x3  
  108  11:13  Siege Tank  
  114  11:24  Marine  
  74  11:37  Marauder x2, Marine x3  
  81  11:42  Marine  
  82  11:48  Refinery  
  82  11:50  Refinery  
  82  11:54  Planetary Fortress, Marine x2  
  82  11:55  Marine  
  85  12:03  Marine x2  
  85  12:04  Marine  
  88  12:11  Thor  
  88  12:12  Marine x2  
  88  12:14  Marine  
  97  12:21  Marine x2  
  97  12:22  Marine  
  100  12:30  Marine x2  
  100  12:31  SCV, Marine  
  104  12:38  Marine  
  104  12:39  Marine  
  104  12:43  SCV  
  107  12:46  Liberator  
  107  12:47  Liberator  
  107  12:54  Thor  
  113  12:59  Marine  
  113  13:00  Marauder x2, Marine x3  
  120  13:16  Marine  
  120  13:17  Marine x2  
  120  13:18  Marine  
  118  13:23  Marauder x2  
  122  13:34  Marine  
  122  13:35  Marine x3  
  122  13:37  Siege Tank  
  129  13:43  Marine  
  129  13:44  Marine  
  129  13:52  Marine  
  129  13:53  Marine x3  
  131  14:01  Marine x2  
  131  14:10  Marine  
  131  14:11  Marine  
  133  14:21  Marine  
  133  14:25  Marine  
  133  14:26  Marine  
  133  14:27  Medivac  
  133  14:28  Medivac x2  
  65  14:51  Marauder x2, Marine x3  
  69  14:54  Thor  
  69  14:56  Marine  
  69  14:58  Medivac x3  
  82  15:09  Marine x2  
  82  15:13  Marauder x2  
  77  15:25  Command Center  
  67  15:29  Marine x4  
  67  15:33  Marine  
  67  15:34  Marine  
  61  15:37  Thor  
  60  15:46  Marine  
  60  15:47  Marine x3, Medivac x3  
  69  15:51  Marine x2  
  71  16:04  Marine x3  
  71  16:05  Marine  
  71  16:09  Marine x2  
  77  16:20  Thor  
  77  16:22  Marine x2  
  77  16:23  Marine x2  
  77  16:24  Terran Infantry Weapons Level 2  
  77  16:25  Terran Infantry Armor Level 2  
  87  16:27  Marauder  
  87  16:28  Marauder  
  83  16:40  Marine x2  
  65  17:01  Marauder, Marine  
  65  17:02  Marauder, Marine x3  
  65  17:16  Medivac x3  
  65  17:19  Marine x2  
  67  17:23  Marauder  
  57  17:41  Marine x5  
  57  17:44  Marine  
  63  18:09  Marine  
  63  18:10  Marine x5  
  69  18:27  Marine x3  
  69  18:28  Marine x3  
  66  18:45  Marine  
  39  19:03  Marauder, Marine x2  
  43  19:25  Planetary Fortress  
  43  19:27  Marine  
  43  19:28  Marine x2  
  46  19:35  Liberator  
  46  19:36  Liberator  
  46  19:43  Refinery  
  49  19:54  Marauder, Marine x3  
  49  19:55  Marine  
  49  19:57  Siege Tank  
  66  20:12  Marine  
  67  20:16  Marauder  
Show
View Real Time Build Order
Export as new Build Order

Myran Protoss - Winner!

Build Orders:  

Get SALT Encoding   

  12  0:01  Probe (Chrono Boost)  
  13  0:15  Pylon  
  13  0:18  Probe (Chrono Boost)  
  15  0:28  Probe (Chrono Boost)  
  15  0:39  Probe (Chrono Boost)  
  15  0:41  Gateway  
  16  0:49  Probe (Chrono Boost)  
  17  1:00  Probe (Chrono Boost)  
  17  1:02  Assimilator  
  18  1:10  Probe (Chrono Boost)  
  18  1:11  Pylon  
  19  1:21  Probe (Chrono Boost)  
  20  1:28  Zealot  
  22  1:35  Pylon  
  22  1:41  Forge, Probe (Chrono Boost)  
  23  1:51  Probe (Chrono Boost)  
  24  1:56  Cybernetics Core  
  24  2:01  Assimilator  
  24  2:02  Probe (Chrono Boost)  
  25  2:13  Probe (Chrono Boost)  
  26  2:16  Photon Cannon  
  26  2:24  Zealot  
  26  2:28  Pylon  
  28  2:39  Stargate  
  28  2:47  Photon Cannon  
  28  2:48  Probe (Chrono Boost)  
  29  3:21  Probe (Chrono Boost)  
  29  3:22  Void Ray  
  34  3:36  Probe (Chrono Boost)  
  35  3:49  Photon Cannon  
  34  4:14  Void Ray  
  37  4:38  Robotics Facility  
  37  4:45  Probe (Chrono Boost)  
  38  4:52  Void Ray  
  42  5:32  Warp Prism  
  44  6:12  Void Ray  
  44  6:16  Probe (Chrono Boost)  
  45  6:20  Pylon  
  45  6:22  Pylon  
  41  6:49  Stargate, Void Ray  
  41  6:52  Pylon  
  41  6:59  Nexus  
  45  7:05  Assimilator  
  45  7:06  Protoss Air Weapons Level 1  
  45  7:10  Assimilator  
  45  7:13  Pylon  
  46  7:16  Probe (Chrono Boost)  
  46  7:28  Probe (Chrono Boost)  
  47  7:36  Void Ray  
  47  7:41  Void Ray  
  55  8:14  Probe (Chrono Boost)  
  55  8:19  Void Ray  
  60  8:25  Probe (Chrono Boost)  
  61  8:35  Probe (Chrono Boost)  
  62  8:46  Probe (Chrono Boost)  
  61  8:50  Protoss Air Armor Level 1  
  59  8:56  Probe (Chrono Boost)  
  60  9:04  Void Ray  
  60  9:05  Void Ray  
  68  9:12  Photon Cannon  
  68  9:13  Probe (Chrono Boost)  
  68  9:14  Photon Cannon  
  69  9:24  Probe (Chrono Boost)  
  70  9:34  Probe (Chrono Boost)  
  71  9:45  Probe (Chrono Boost)  
  72  9:55  Probe (Chrono Boost)  
  72  9:57  Phoenix  
  72  9:58  Phoenix  
  53  10:18  Fleet Beacon  
  53  10:19  Phoenix x2  
  58  10:35  Probe (Chrono Boost)  
  58  10:41  Phoenix x2  
  58  10:45  Probe (Chrono Boost)  
  58  10:48  Probe (Chrono Boost)  
  64  10:52  Pylon  
  64  10:55  Pylon  
  64  10:57  Photon Cannon  
  64  11:00  Probe (Chrono Boost)  
  64  11:02  Phoenix  
  64  11:03  Phoenix  
  65  11:04  Anion Pulse-Crystals  
  61  11:12  Probe (Chrono Boost)  
  60  11:24  Phoenix x2  
  60  11:26  Protoss Air Weapons Level 2  
  64  11:46  Phoenix x2  
  68  12:07  Phoenix  
  68  12:08  Phoenix  
  68  12:11  Probe (Chrono Boost)  
  73  12:21  Carrier  
  74  12:23  Probe (Chrono Boost)  
  82  14:11  Carrier  
  82  14:14  Protoss Air Weapons Level 3  
  82  14:37  Carrier  
  68  15:06  Pylon  
  68  15:09  Pylon  
  68  15:11  Pylon  
  68  15:14  Pylon  
  56  16:03  Carrier x2  
  62  16:39  Graviton Catapult  
  62  16:51  Protoss Air Armor Level 2  
  62  17:11  Stargate  
  62  17:39  Carrier x2  
  66  17:54  Carrier  
  72  18:30  Nexus  
  72  18:37  Assimilator  
  72  18:39  Assimilator  
  72  18:53  Carrier  
  72  18:54  Carrier  
  90  19:52  Probe (Chrono Boost)  
  91  20:02  Probe (Chrono Boost)  
  92  20:13  Probe (Chrono Boost)  
  99  20:23  Probe (Chrono Boost)  
  100  20:34  Probe (Chrono Boost)  
Show
View Real Time Build Order
Export as new Build Order

dallaskuken Protoss 

Build Orders: 1 Gate Expand 

Get SALT Encoding   

  12  0:01  Probe (Chrono Boost)  
  13  0:12  Probe (Chrono Boost)  
  14  0:23  Pylon  
  14  0:27  Probe (Chrono Boost)  
  15  0:41  Probe (Chrono Boost)  
  16  0:49  Gateway  
  16  0:56  Probe (Chrono Boost)  
  17  1:06  Probe (Chrono Boost)  
  18  1:16  Forge  
  18  1:17  Probe (Chrono Boost)  
  19  1:34  Probe (Chrono Boost)  
  19  1:37  Nexus  
  20  1:41  Pylon  
  20  1:44  Probe (Chrono Boost)  
  21  2:07  Pylon  
  21  2:08  Probe (Chrono Boost)  
  22  2:10  Assimilator  
  22  2:14  Zealot  
  24  2:18  Probe (Chrono Boost)  
  25  2:25  Photon Cannon  
  25  2:31  Pylon  
  25  2:36  Cybernetics Core  
  25  2:39  Pylon  
  25  2:50  Probe (Chrono Boost)  
  25  2:56  Assimilator  
  25  3:01  Probe (Chrono Boost)  
  25  3:02  Pylon  
  26  3:12  Probe (Chrono Boost)  
  27  3:17  Warp Gate  
  27  3:22  Probe (Chrono Boost)  
  28  3:30  Probe (Chrono Boost)  
  29  3:41  Probe (Chrono Boost)  
  30  3:42  Photon Cannon  
  30  3:48  Robotics Facility  
  30  3:51  Probe (Chrono Boost)  
  31  3:57  Mothership Core (Chrono Boost)  
  31  4:02  Probe (Chrono Boost)  
  34  4:07  Stalker  
  36  4:12  Probe (Chrono Boost)  
  36  4:16  Probe (Chrono Boost)  
  38  4:23  Probe (Chrono Boost)  
  39  4:27  Probe (Chrono Boost)  
  39  4:31  Pylon  
  40  4:33  Probe (Chrono Boost)  
  40  4:35  Observer  
  40  4:37  Probe (Chrono Boost)  
  43  4:48  Probe (Chrono Boost)  
  43  4:51  Probe (Chrono Boost)  
  43  4:52  Gateway  
  45  4:54  Gateway  
  45  4:55  Gateway, Assimilator  
  45  4:58  Gateway  
  45  5:01  Probe (Chrono Boost)  
  46  5:12  Probe (Chrono Boost)  
  35  5:28  Probe (Chrono Boost)  
  35  5:38  Probe (Chrono Boost)  
  36  5:49  Probe (Chrono Boost)  
  37  5:57  Stargate  
  37  5:59  Probe (Chrono Boost)  
  37  6:00  Warp Prism  
  37  6:04  Probe (Chrono Boost)  
  41  6:09  Stalker x2  
  41  6:10  Stalker x2, Probe (Chrono Boost)  
  50  6:14  Probe (Chrono Boost)  
  51  6:20  Probe (Chrono Boost)  
  51  6:25  Probe (Chrono Boost)  
  53  6:31  Probe (Chrono Boost)  
  54  6:35  Probe (Chrono Boost)  
  55  6:41  Probe (Chrono Boost)  
  55  6:46  Probe (Chrono Boost)  
  57  6:48  Stalker x2  
  57  6:49  Stalker x2  
  65  7:06  Pylon, Assimilator  
  65  7:07  Pylon  
  65  7:10  Pylon x2  
  65  7:18  Fleet Beacon  
  65  7:43  Zealot  
  67  7:44  Zealot x3  
  67  7:45  Zealot  
  65  8:17  Stalker x4  
  65  8:18  Stalker, Carrier  
  51  8:58  Zealot x4  
  51  8:59  Zealot  
  51  9:33  Carrier, Zealot x2  
  51  9:34  Zealot x3  
  65  10:02  Zealot x2  
  65  10:03  Zealot x3  
  57  10:38  Graviton Catapult  
  57  10:47  Carrier  
  57  10:51  Zealot x4  
  57  10:52  Zealot  
  73  11:05  Nexus  
  63  12:01  Pylon  
  63  12:02  Carrier  
  63  12:03  Pylon  
  63  12:05  Stargate  
  63  12:06  Stargate  
  63  12:08  Stargate  
  63  12:09  Warp Prism  
  71  12:23  Probe (Chrono Boost)  
  70  12:34  Probe (Chrono Boost)  
  70  12:44  Probe (Chrono Boost)  
  71  12:55  Probe (Chrono Boost)  
  83  13:05  Probe (Chrono Boost)  
  27  14:14  Pylon  
  27  14:26  Pylon  
  27  14:45  Stalker x3  
  33  14:46  Stalker x2  
  37  15:19  Fleet Beacon  
  37  15:27  Stargate x2  
  37  15:29  Stargate  
  37  15:52  Carrier  
  37  16:04  Carrier  
  43  16:14  Carrier x2  
  61  16:31  Pylon  
  61  16:51  Warp Prism  
  48  17:40  Carrier  
  48  17:43  Carrier  
  48  17:52  Carrier x2  
Show
View Real Time Build Order
Export as new Build Order

FrogMint Zerg 

Build Orders: Hatch First 

Get SALT Encoding   

  12  0:01  Drone  
  13  0:12  Overlord  
  13  0:17  Drone  
  14  0:32  Drone x2  
  14  0:34  Drone  
  17  0:54  Hatchery  
  17  0:57  Drone  
  17  1:01  Drone  
  18  1:09  Extractor  
  17  1:14  Drone  
  17  1:18  Drone  
  19  1:28  Drone  
  20  1:37  Spawning Pool  
  19  1:47  Drone  
  19  1:52  Overlord  
  20  2:00  Drone  
  21  2:15  Drone  
  22  2:26  Queen  
  22  2:28  Drone  
  25  2:30  Drone x3  
  25  2:33  Drone  
  25  2:35  Hatchery  
  28  2:38  Queen  
  30  2:46  Zergling x2  
  30  2:47  Metabolic Boost  
  30  2:50  Drone  
  32  2:53  Overlord  
  32  2:59  Drone  
  32  3:05  Spine Crawler  
  32  3:10  Drone x2  
  34  3:14  Queen  
  34  3:17  Drone x2  
  38  3:24  Lair  
  38  3:29  Extractor  
  38  3:33  Drone  
  38  3:34  Drone  
  39  3:48  Zergling x2  
  39  3:49  Zergling x4  
  42  4:01  Drone  
  43  4:11  Extractor  
  43  4:13  Drone x4  
  43  4:14  Drone x5, Extractor  
  50  4:24  Spire  
  50  4:27  Queen, Spore Crawler  
  50  4:30  Spore Crawler  
  49  4:33  Spore Crawler  
  48  4:48  Overlord x2  
  48  4:51  Overlord x2  
  48  5:06  Queen  
  47  5:26  Drone x2  
  49  5:28  Drone x2  
  49  5:31  Drone  
  52  5:42  Mutalisk x2  
  52  5:43  Mutalisk x4  
  64  5:50  Extractor  
  64  5:51  Drone x3  
  64  5:52  Drone  
  67  6:27  Overlord  
  67  6:28  Overlord x3  
  67  6:44  Spore Crawler  
  66  6:47  Overlord  
  66  6:48  Overlord x2  
  67  7:01  Drone x10  
  67  7:02  Drone x7  
  83  7:09  Overseer  
  83  7:10  Overseer  
  83  7:18  Mutalisk x3  
  83  7:20  Queen  
  91  7:42  Mutalisk  
  91  7:43  Mutalisk x8  
  109  7:56  Mutalisk  
  109  7:57  Mutalisk  
  113  8:05  Extractor  
  112  8:09  Mutalisk  
  114  8:14  Overlord x6  
  114  8:15  Overlord  
  114  8:23  Mutalisk x2  
  118  8:32  Zerg Flyer Weapons Level 1  
  118  8:50  Mutalisk  
  118  8:51  Mutalisk x2  
  104  9:07  Mutalisk x3  
  110  9:13  Zergling x18  
  105  10:06  Mutalisk  
  105  10:07  Mutalisk x8  
  123  10:26  Hatchery  
  122  10:32  Hatchery  
  122  10:33  Mutalisk x4  
  129  10:39  Zergling x2  
  129  10:40  Zergling x8  
  134  10:51  Mutalisk x3  
  140  10:57  Zergling x2  
  140  10:58  Zergling x12  
  130  11:45  Mutalisk  
  130  11:46  Mutalisk x8  
  148  12:02  Drone x2  
  148  12:03  Drone  
  151  12:11  Queen  
  149  12:54  Mutalisk x10  
  165  13:16  Mutalisk  
  165  13:17  Mutalisk x3  
  173  13:46  Mutalisk  
  173  13:47  Mutalisk x3  
  181  13:58  Zergling x2  
  181  13:59  Overlord x4  
  180  14:12  Zerg Flyer Armor Level 1  
  180  14:16  Extractor  
  166  15:01  Mutalisk  
  166  15:02  Mutalisk x8  
  166  15:05  Zergling x20  
  188  15:14  Extractor  
  161  15:41  Mutalisk x5  
  92  16:05  Zergling x12  
  92  16:06  Zergling x22  
  105  16:20  Zergling x2  
  105  16:21  Zergling x10  
  110  16:28  Zergling x8  
  97  16:47  Zergling x20  
  97  16:48  Zergling x16  
  95  17:02  Zergling x14  
  101  17:14  Zergling x2  
  101  17:15  Zergling x10  
  92  17:23  Zergling x2  
  92  17:24  Zergling x14  
  85  17:33  Zergling x8  
  72  17:39  Zergling x2  
  72  17:40  Zergling x20  
  75  18:05  Zergling x20  
  71  18:06  Zergling x4  
  71  18:09  Mutalisk  
  78  18:15  Baneling Nest  
  63  18:28  Zergling x2  
  63  18:29  Zergling x28  
  65  18:42  Zergling x2  
  65  18:43  Zergling x8  
  58  18:51  Zergling x4  
  53  19:04  Mutalisk  
  53  19:05  Mutalisk x5  
  57  19:52  Zergling x20  
  67  19:53  Zergling x20  
  63  20:12  Mutalisk  
  63  20:13  Mutalisk x3  
Show
View Real Time Build Order
Export as new Build Order

Loken Zerg - Winner!

Build Orders: Pool First 

Get SALT Encoding   

  12  0:01  Drone  
  13  0:13  Overlord  
  13  0:20  Drone  
  14  0:34  Drone x2  
  16  0:51  Drone x2  
  16  0:55  Spawning Pool  
  17  0:57  Drone  
  18  1:08  Drone  
  19  1:25  Hatchery, Drone  
  19  1:48  Zergling x2  
  19  1:51  Overlord  
  19  1:53  Queen  
  22  1:58  Extractor  
  21  2:12  Hatchery  
  21  2:14  Zergling x4  
  22  2:29  Drone  
  23  2:30  Spine Crawler  
  22  2:40  Spine Crawler, Drone  
  22  2:47  Drone  
  22  2:48  Drone  
  24  2:55  Queen  
  26  3:08  Drone x6  
  32  3:26  Zergling x6  
  32  3:27  Zergling x2  
  36  3:30  Metabolic Boost  
  36  3:36  Drone  
  36  3:37  Drone x2  
  39  3:41  Drone  
  39  3:42  Drone  
  39  3:43  Drone  
  39  3:47  Overlord  
  42  4:11  Drone  
  42  4:12  Drone x7  
  42  4:14  Overlord x2  
  50  4:32  Drone x7  
  50  4:33  Queen  
  50  4:36  Drone  
  50  4:37  Drone  
  61  4:47  Extractor  
  59  5:14  Zergling x18  
  58  5:16  Overlord x4  
  62  5:29  Extractor  
  62  5:32  Extractor  
  60  5:38  Lair  
  60  5:41  Pneumatized Carapace  
  60  5:44  Burrow  
  60  5:49  Zergling x2  
  61  5:50  Zergling x18  
  61  5:54  Extractor  
  61  5:55  Extractor  
  68  6:01  Drone  
  68  6:02  Drone x8  
  77  6:19  Spore Crawler  
  77  6:21  Spore Crawler  
  77  6:24  Spore Crawler  
  74  6:26  Drone  
  74  6:27  Drone x8  
  84  6:40  Drone x9  
  92  7:03  Spine Crawler  
  92  7:04  Spine Crawler  
  92  7:06  Spine Crawler  
  92  7:07  Spine Crawler, Overlord x5  
  88  7:22  Spire  
  87  7:23  Queen  
  87  7:25  Hydralisk Den  
  88  7:41  Zergling x2  
  88  7:42  Zergling x18  
  98  7:53  Infestation Pit  
  97  7:58  Evolution Chamber  
  97  7:59  Evolution Chamber  
  97  8:00  Evolution Chamber  
  89  8:17  Drone x2  
  89  8:18  Drone x4  
  95  8:25  Muscular Augments  
  95  8:32  Spore Crawler  
  95  8:33  Spore Crawler  
  93  8:36  Zerg Melee Weapons Level 1  
  93  8:37  Zerg Ground Armor Level 1, Zerg Missile Weapons Level 1  
  93  8:39  Zerg Flyer Weapons Level 1  
  93  8:50  Mutalisk x9  
  93  8:51  Mutalisk x6  
  123  9:01  Hatchery  
  120  9:11  Queen  
  69  10:10  Spine Crawler  
  69  10:11  Spine Crawler  
  69  10:12  Drone  
  69  10:13  Drone x9  
  77  10:16  Mutalisk x8  
  77  10:17  Mutalisk x5  
  98  10:43  Hive  
  98  10:44  Mutalisk  
  98  10:45  Mutalisk x4  
  108  10:58  Queen  
  108  11:04  Zergling x2  
  108  11:05  Zergling x18  
  108  11:26  Zerg Melee Weapons Level 2, Zerg Ground Armor Level 2  
  108  11:29  Zerg Flyer Weapons Level 2  
  108  11:55  Zergling x14  
  108  11:56  Zergling x20  
  108  11:57  Adrenal Glands  
  117  12:47  Mutalisk x5  
  117  12:48  Mutalisk  
  117  12:50  Zergling x16  
  117  12:51  Zergling x14  
  144  12:53  Overlord  
  144  13:05  Overlord x4  
  144  13:07  Unknown  
  103  14:10  Zergling x14  
  103  14:11  Zergling x20  
  84  14:37  Mutalisk  
  84  14:38  Mutalisk x8  
  82  14:42  Zerg Flyer Weapons Level 3  
  90  15:06  Drone  
  91  15:07  Drone x2  
  91  15:08  Hatchery  
  40  15:58  Hydralisk  
  40  15:59  Hydralisk x11  
  56  16:14  Hydralisk  
  56  16:15  Hydralisk x3  
  56  16:16  Queen  
  60  16:36  Zergling x14  
  60  16:37  Zergling x12  
  73  16:45  Drone  
  73  16:46  Drone x5  
  79  16:53  Queen  
  79  16:54  Queen  
  81  16:57  Zerg Melee Weapons Level 3  
  83  17:01  Zerg Ground Armor Level 3  
  53  17:39  Zergling x2  
  53  17:40  Zergling x36  
  66  17:45  Extractor  
  66  17:46  Extractor  
  61  18:03  Zergling x2  
  61  18:04  Zergling x18  
  61  18:48  Corruptor x7  
  60  19:24  Drone x8  
  61  19:25  Drone x8  
Show
View Real Time Build Order
Export as new Build Order

Scaramanga Terran - Winner!

Build Orders: Reaper Expand 

Get SALT Encoding   

  12  0:01  SCV  
  13  0:13  SCV  
  14  0:17  Supply Depot  
  14  0:25  SCV  
  15  0:39  SCV  
  15  0:40  Barracks  
  16  0:45  Refinery  
  16  0:51  SCV  
  17  1:03  SCV  
  18  1:15  SCV  
  19  1:27  Orbital Command  
  19  1:29  Reaper  
  20  1:56  SCV  
  20  1:59  Refinery  
  20  2:01  Command Center  
  21  2:12  SCV  
  22  2:19  Factory  
  22  2:24  SCV  
  22  2:29  Barracks Reactor  
  23  2:54  Supply Depot  
  23  3:01  Barracks  
  23  3:03  Barracks  
  23  3:12  SCV  
  24  3:19  Starport  
  24  3:22  Hellion x2  
  24  3:24  SCV  
  29  3:28  Orbital Command  
  29  3:36  SCV  
  30  3:49  SCV  
  31  3:56  Hellion x2  
  31  4:00  SCV  
  36  4:04  Starport Tech Lab  
  36  4:05  Barracks Reactor, Barracks Tech Lab  
  36  4:07  Barracks Reactor  
  36  4:10  SCV, Engineering Bay  
  36  4:12  SCV  
  36  4:15  Refinery  
  38  4:29  SCV x2  
  40  4:34  Supply Depot  
  40  4:35  Supply Depot  
  40  4:40  Terran Infantry Weapons Level 1  
  40  4:41  SCV x2  
  40  4:43  Stimpack  
  42  4:50  Medivac x2  
  46  4:55  SCV x2  
  46  4:58  Supply Depot  
  48  5:08  SCV x2  
  48  5:20  SCV x2  
  44  5:25  Marine  
  44  5:26  Marauder, Marine x3  
  50  5:32  SCV x2, Command Center  
  52  5:38  Siege Tank  
  52  5:42  Barracks  
  55  5:43  Marine  
  55  5:44  SCV x2  
  55  5:47  Marauder  
  55  5:48  Barracks  
  60  5:56  SCV x2, Engineering Bay  
  62  6:06  Marine x4  
  62  6:09  Marauder  
  62  6:10  SCV x2  
  70  6:19  Supply Depot  
  70  6:20  Medivac x2, Siege Tank  
  70  6:24  SCV  
  78  6:33  Supply Depot  
  78  6:37  Terran Infantry Armor Level 1  
  78  6:41  SCV  
  78  6:43  Armory  
  78  6:44  Concussive Shells  
  78  6:45  Barracks Reactor, Barracks Tech Lab  
  79  6:49  Marauder, Marine x3  
  79  6:50  Marine  
  79  6:52  Orbital Command  
  85  6:57  Siege Tank  
  85  7:00  Supply Depot  
  88  7:11  SCV x2  
  88  7:13  Marine, Supply Depot  
  88  7:14  Marauder, Marine  
  94  7:19  Marauder, Marine  
  97  7:23  SCV x2  
  97  7:26  Marine  
  97  7:28  Medivac  
  102  7:34  Orbital Command, Terran Infantry Weapons Level 2  
  102  7:35  Marauder, SCV  
  102  7:37  Marine x2  
  107  7:59  Siege Tank  
  110  8:21  Marine  
  110  8:22  Marauder, Marine x4  
  110  8:23  Marine x2  
  119  8:31  Refinery  
  119  8:39  Marine  
  74  9:03  Marine x2  
  74  9:04  Marine x5  
  74  9:05  Marine  
  82  9:10  Siege Tank  
  85  9:19  Supply Depot  
  85  9:21  Marine x3  
  85  9:22  Marine x2, Supply Depot  
  85  9:23  Marauder  
  92  9:25  Barracks  
  92  9:28  Factory  
  92  9:33  Marine  
  92  9:34  Marine  
  94  9:39  Marine x3  
  94  9:42  Siege Tank  
  99  9:55  Marine  
  99  9:56  Marine x4  
  99  9:57  Marine x3  
  107  10:05  Refinery  
  107  10:06  Missile Turret  
  107  10:10  Missile Turret  
  107  10:13  Marine x2  
  109  10:14  Marine x5, Siege Tank  
  109  10:16  Terran Infantry Armor Level 2, Terran Infantry Weapons Level 3  
  117  10:22  Command Center  
  117  10:32  Factory Tech Lab  
  117  10:42  Barracks Reactor  
  117  10:46  Siege Tank  
  117  10:48  Medivac  
  122  11:11  Missile Turret  
  122  11:18  Siege Tank  
  97  11:37  Marine x5  
  97  11:38  Marine x5  
  75  11:50  Siege Tank  
  75  11:51  Siege Tank  
  81  11:54  Marine  
  81  11:55  Marine x2  
  81  11:57  Refinery  
  81  12:01  Marine x3  
  84  12:02  Marine x2  
  89  12:22  Siege Tank  
  92  12:28  Medivac  
  92  12:29  Medivac  
  96  12:32  Marine x5  
  96  12:33  Marine x4  
  105  12:48  Marine  
  105  12:49  Marine  
  105  12:50  Marine x2  
  109  12:58  Medivac x2  
  107  13:06  Marauder  
  78  13:27  Marauder, Marine x4  
  78  13:28  Marine x4, Medivac x2  
  78  13:29  Marine  
  88  13:45  Marine x4  
  88  13:46  Marine x3  
  88  13:47  Siege Tank  
  88  13:48  Siege Tank  
  100  13:49  Marauder  
  102  13:58  Medivac x2  
  102  13:59  Marine x2  
  108  14:02  Marine  
  108  14:03  Marine x3  
  108  14:06  Marine  
  108  14:07  Marine x2  
  108  14:09  Terran Infantry Armor Level 3  
  115  14:10  Marauder  
  115  14:16  Marine  
  117  14:17  Marine  
  117  14:19  Thor x2  
  117  14:20  Marine  
  131  14:31  Marauder  
  132  14:41  Marine  
  132  14:42  Marine x5  
  132  14:43  Marine x3  
  137  14:53  Marauder  
  137  14:59  Marine x2  
  141  15:13  Marine x4  
  141  15:15  Marine  
  141  15:16  Marine  
  141  15:17  Marauder  
  141  15:18  Thor  
  125  15:37  Marine x4  
  125  15:38  Marauder  
  125  15:45  Marine  
  125  15:46  Marine x4, Command Center  
  125  15:47  Medivac x2  
  134  15:50  Terran Ship Weapons Level 1  
  134  15:55  Marine x4  
  136  16:00  Marauder  
  136  16:03  Marine x4  
  136  16:04  Marine  
  140  16:10  Refinery  
  136  16:12  Marine  
  136  16:13  Marine x3  
  136  16:21  Marauder, Marine x3  
  141  16:43  Marine x4  
  141  16:44  Marine  
  91  17:00  Marine x3  
  91  17:01  Marauder, Marine x5  
  83  17:04  Marine  
  76  17:15  Planetary Fortress  
  76  17:18  Marine x4  
  76  17:19  Marine x4  
  76  17:22  Marauder, Marine  
  87  17:27  Refinery  
  87  17:29  Siege Tank  
  90  17:36  Marine x5  
  90  17:37  Marine x2  
  94  17:43  Marauder  
  99  17:44  Terran Vehicle Weapons Level 1  
  99  17:48  Marine x2  
  99  17:50  Medivac  
  103  17:54  Marine x3  
  103  17:58  Refinery  
  106  18:05  Marauder, Siege Tank  
  111  18:15  Orbital Command  
  93  19:08  Marine  
  93  19:09  Marine x9  
  98  19:12  Viking x2  
  84  19:26  Marine x4  
  84  19:27  Marine x6  
  94  19:42  Viking x2  
  94  19:44  Marine x10  
  108  20:02  Marine x4  
  112  20:12  Viking x2  
Tags
 
Add a new tag
Caveats
  • Supply blocks, unpowered buildings, or Contaminate may cause inaccurate times.
  • Supply counts are checked every 10 seconds.